 Dungeon Crawl Stone Soup version 0.30-a0-782-ge64f9170bb (webtiles) character file.

Game seed: 14645678406319544737

703 Leeroy the Slasher (level 7, 0/53 HPs)
             Began as a Demigod Gladiator on Mar 2, 2023.
             Slain by a water moccasin (8 damage)
             ... on level 6 of the Dungeon.
             The game lasted 00:08:31 (4703 turns).

Leeroy the Slasher (Demigod Gladiator)              Turns: 4703, Time: 00:08:32

Health: 0/53       AC:  9    Str: 15    XL:     7   Next: 16%
Magic:  2/9        EV: 15    Int: 10    God:
Gold:   63         SH:  0    Dex: 23    Spells: 4/6 levels left

rFire   . . .      SeeInvis .    a - +0 long sword
rCold   . . .      Faith    .    (no shield)
rNeg    . . .      Spirit   .    b - +0 leather armour
rPois   .          Reflect  .    c - +0 helmet
rElec   .          Harm     .    y - +2 cloak
rCorr   .          Rampage  .    (no gloves)
Will    .....                    D - +1 pair of boots {Fly}
Stlth   ++                       (no amulet)
HPRegen 0.28/turn                (no ring)
MPRegen 0.11/turn                (no ring)

@: flying, very slightly contaminated
A: high MP 1, forlorn, divine attributes
a: no special abilities


You were on level 6 of the Dungeon.
You visited 2 branches of the dungeon, and saw 9 of its levels.

You collected 294 gold pieces.
You spent 231 gold pieces at shops.

Inventory:

Hand Weapons
 a - a +0 long sword (weapon)
 f - a +0 long sword
 q - a +0 dagger of speed
 s - a +0 dagger of venom
 x - a +0 rapier
 C - a +1 dagger of pain
Missiles
 d - 3 throwing nets (quivered)
 e - 7 javelins
 l - 4 poisoned darts
 v - 3 boomerangs of dispersal
Armour
 b - a +0 leather armour (worn)
 c - a +0 helmet (worn)
 y - a +2 cloak (worn)
 D - a +1 pair of boots of flying (worn)
Wands
 u - a wand of quicksilver (2)
Scrolls
 h - a scroll of fear {unknown}
 j - a scroll of acquirement {unknown}
 k - 6 scrolls of identify {unknown}
 m - 2 scrolls of enchant weapon {unknown}
 p - a scroll of butterflies {unknown}
 r - a scroll of magic mapping {unknown}
 t - 3 scrolls of teleportation {unknown}
 B - a scroll of noise {unknown}
Potions
 g - a potion of lignification
 i - 4 potions of attraction
 n - a potion of magic {unknown}
 o - a potion of flight
 w - a potion of haste {unknown}
 z - a potion of berserk rage {unknown}
 A - 2 potions of degeneration {unknown}


   Skills:
 - Level 1.7 Fighting
 - Level 6.5 Long Blades
 - Level 1.7 Throwing
 + Level 5.2 Dodging


You had 4 spell levels left.
You knew the following spells:

 Your Spells              Type           Power      Damage    Failure   Level
a - Blink                 Tloc           0%         N/A       56%         2

Your spell library contained the following spells:

 Spells                   Type           Power      Damage    Failure   Level
 Freeze                   Ice            0%         1d3       43%         1
 Lesser Beckoning         Tloc           0%         N/A       56%         2
 Momentum Strike          Conj/Tloc      0%         3d8       56%         2
 Frozen Ramparts          Ice            0%         1d1       80%         3
 Gell's Gravitas          Tloc           0%         N/A       80%         3
 Hailstorm                Conj/Ice       0%         3d3       80%         3
 Ozocubu's Armour         Ice            0%         N/A       80%         3
 Teleport Other           Tloc           0%         N/A       80%         3
 Dispersal                Tloc           0%         N/A       100%        6
 Ozocubu's Refrigeration  Ice            0%         4d7       100%        7


Dungeon Overview and Level Annotations

Branches:
Dungeon (8/15)             Temple (1/1) D:5
   Lair: D:8-11

Shops:
D:4 (   D:5 :   D:6 *

Annotations:
D:4 Sigmund
D:5 2 transporters, Tenz's ghost, novice SpIE


Innate Abilities, Weirdness & Mutations

You have an increased reservoir of magic. (+10% MP)
You shall have no god before yourself.
Your divine heritage dramatically boosts your attributes as you level up.


Message History

Casting: Blink (dangerous; 56% risk of failure)
Confirm with . or Enter, or press ? or * to list all spells.
You miscast Blink.
You are very lightly contaminated with residual magic.
Nothing appears to happen.
The wight barely misses you.
Casting: Blink (dangerous; 56% risk of failure)
Confirm with . or Enter, or press ? or * to list all spells.
You miscast Blink.
Nothing appears to happen.
The wight hits you with a +4 battleaxe.
* * * LOW HITPOINT WARNING * * *
Okay, then.
Casting: Blink (dangerous; 56% risk of failure)
Confirm with . or Enter, or press ? or * to list all spells.
You miscast Blink.
Nothing appears to happen.
The wight closely misses you.
Casting: Blink (dangerous; 56% risk of failure)
Confirm with . or Enter, or press ? or * to list all spells.
You blink.
The wight attacks as you move away! The wight barely misses you.
An ice beast comes into view.
Okay, then.
Aiming: Quicksilver Bolt
Press: ? - help, Shift-Dir - straight line, f - wight
Aim: a wight, wielding a +4 battleaxe and wearing a +0 robe (heavily damaged, 71% to hit)
The bolt of dispelling energy misses the wight.
You feel stable enough to blink again. The wight hits you with a +4 battleaxe.
* * * LOW HITPOINT WARNING * * *
Aiming: Quicksilver Bolt
Press: ? - help, Shift-Dir - straight line, f - wight
Aim: a wight, wielding a +4 battleaxe and wearing a +0 robe (heavily damaged, 71% to hit)
The bolt of dispelling energy hits the wight!
You destroy the wight!
Your life force feels restored.
Your Dodging skill increases to level 5!
A water moccasin comes into view.
An orc comes into view. It is wielding a +0 mace.
The water moccasin hisses angrily.
The orc shouts!
The water moccasin bites you!
You die...

.. .. .. ##. #.###
...#######
####.......###########..
.#.....#.)....Y.........
.#...#.#..#...##@....##
.#.#.#....#.#....S##.#
...#.#..#...#..##o..
...#....#............#
######################


You could see a water moccasin, an ice beast and an orc.

Vanquished Creatures
  A bullfrog (D:6)
  A scorpion (D:5)
  A wight (D:6)
  3 howler monkeys
  3 orc priests
  A hound (D:6)
  3 iguanas
  Ijyb (D:3)
  2 orc wizards
  3 adders
  A white imp (D:5)
  2 ufetubi
  3 worms
  19 orcs
  3 ball pythons (D:2)
  6 bats
  3 endoplasms (D:1)
  2 giant cockroaches (D:1)
  5 goblins
  8 hobgoblins
  7 jackals (D:1)
  2 kobolds
  2 quokkas (D:1)
  3 rats
85 creatures vanquished.

Vanquished Creatures (others)
  5 demonic plants (D:5)
5 creatures vanquished.

Grand Total: 90 creatures vanquished

Notes
Turn   | Place    | Note
-------+----------+-------------------------------------------
     0 | D:1      | Leeroy the Demigod Gladiator began the quest for the Orb.
     0 | D:1      | Reached XP level 1. HP: 17/17 MP: 3/3
   153 | D:1      | Reached skill level 3 in Long Blades
   279 | D:1      | Reached XP level 2. HP: 24/24 MP: 4/4
   701 | D:2      | Reached XP level 3. HP: 29/29 MP: 5/5
   720 | D:2      | Learned a level 2 spell: Blink
  1703 | D:3      | Noticed Ijyb
  1718 | D:3      | Killed Ijyb
  1719 | D:3      | Reached skill level 4 in Long Blades
  1719 | D:3      | Reached XP level 4. HP: 10/36 MP: 6/6
  2448 | D:4      | Noticed a yak
  2448 | D:4      | Noticed a yak
  2449 | D:4      | Noticed a yak
  2488 | D:4      | Noticed a yak
  2495 | D:4      | Found Huejy's Weapon Shoppe.
  2495 | D:4      | Noticed Sigmund
  2499 | D:5      | Entered Level 5 of the Dungeon
  2588 | D:5      | Reached XP level 5. HP: 35/41 MP: 7/7
  2628 | D:5      | You fall into a shaft and drop 3 floors!
  2672 | D:6      | Reached skill level 5 in Long Blades
  2931 | D:6      | HP: 1/41 [bullfrog (7)]
  2940 | D:6      | Reached skill level 6 in Long Blades
  2940 | D:6      | Reached XP level 6. HP: 4/48 MP: 8/8
  3808 | D:5      | Found Nomaddoo's Vocational Training.
  3880 | D:5      | Found a transporter.
  3882 | D:5      | Noticed Tenz's ghost (novice SpIE)
  3897 | D:5      | Found a staircase to the Ecumenical Temple.
  3922 | Temple   | Entered the Ecumenical Temple
  4087 | D:5      | Reached XP level 7. HP: 44/53 MP: 9/9
  4197 | D:5      | Found a transporter.
  4632 | D:6      | Found Xeicahieb's General Store.
  4635 | D:6      | Bought a +1 pair of boots of flying for 231 gold pieces
  4698 | D:6      | Reached skill level 5 in Dodging
  4703 | D:6      | Slain by a water moccasin

Illustrated notes

Levels and vault maps discovered:
D:1:      scummos_arrival_star, layout_loops_ring, serial_glass,
          glass_columns_b, glass_columns_a
D:2:      layout_basic, shapermc_ecumenical_altar_totnotflames, minmay_distorted
D:3:      layout_loops_ring, overflow_temple_1_default, uniq_ijyb
D:4:      layout_cave_pools, nicolae_overflow_hidden_temple, serial_shops,
          nicolae_shop_trees, uniq_sigmund
D:5:      layout_loops_corners, minmay_temple_entry_overgrown, serial_demonic,
          serial_demonic_g, serial_demonic_a, serial_demonic_b,
          serial_demonic_c, gammafunk_ghost_mausoleum, minivault_23,
          eino_small_chamber_without_monster, nicolae_shop_vocational
D:6:      minmay_thinvault, layout_rooms, serial_shops,
          nicolae_shop_behind_doors, kennysheep_small_square
D:7:      layout_rooms, nicolae_hepliaklqana_hazy_memory, serial_shops,
          shop_fountains
D:8:      layout_loops_corners, uniq_grum
Temple:   compressed_dpeg_triangle_lava_temple

Skill      XL: |  1  2  3  4  5  6  7 |
---------------+----------------------+-----
Long Blades    | 3 4 6 |  6.5
Dodging        | 3 4 5 |  5.2
Fighting       | |  1.7
Throwing       | |  1.7

Action                     |  1- 3 |  4- 6 |  7- 9 || total
---------------------------+-------+-------+-------++-------
  Melee: Long sword        |   135 |    25 |    11 ||   171
         Punch             |     1 |     4 |     1 ||     6
         Dagger            |       |   139 |    10 ||   149
  Throw: Throwing net      |       |     1 |       ||     1
   Cast: Blink             |       |       |     1 ||     1
  Evoke: Wand              |       |     1 |     2 ||     3
    Use: Potion            |     2 |     3 |       ||     5
   Stab: Sleeping          |     3 |     2 |       ||     5
         Held in net/web   |       |     1 |       ||     1
 Armour: Leather armour    |    50 |    25 |     9 ||    84
         Skin              |       |     8 |       ||     8
  Dodge: Dodged            |   116 |   102 |    19 ||   237

Table legend: (Time is in decaauts)
 A = Elapsed time spent in this place.
 B = Non-inter-level travel time spent in this place.
 C = Inter-level travel time spent in this place.
 D = Time resting spent in this place.
 E = Time spent auto-exploring this place.
 F = Levels seen in this place.
 G = Mean time per level.
                   A        B        C        D        E       F      G
               +--------+--------+--------+--------+--------+-----+--------+
         Total |   4710 |   4472 |    238 |    449 |   3123 |   9 |  523.3 |
       Dungeon |   4648 |   4417 |    231 |    449 |   3081 |   8 |  581.0 |
        Temple |     61 |     54 |      7 |      0 |     42 |   1 |   61.0 |
               +--------+--------+--------+--------+--------+-----+--------+

Top non-repeatable levels by time:
     D:5: 1105 daAuts
     D:6: 910 daAuts
     D:3: 862 daAuts
     D:2: 861 daAuts
     D:1: 715 daAuts
     D:4: 117 daAuts
     D:7: 68 daAuts
  Temple: 61 daAuts
     D:8: 7 daAuts
